 Dungeon Crawl Stone Soup version 0.22.0-49-gab54619 (webtiles) character file.

2492 inc the Fighter (level 9, -13/101 HPs)
             Began as an Ogre Fire Elementalist on Sept 5, 2018.
             Killed from afar by a deep elf mage (20 damage)
             ... with a bolt of fire
             ... in a bailey.
             The game lasted 00:10:45 (6279 turns).

inc the Fighter (Ogre Fire Elementalist)            Turns: 6279, Time: 00:10:45

Health: -13/101    AC:  3    Str: 19    XL:     9   Next: 52%
Magic:  5/12       EV: 12    Int: 24    God:
Gold:   327        SH:  0    Dex:  9    Spells: 4/12 levels left

rFire    + . .     SeeInvis .   w - +0 giant spiked club
rCold    . . .     Gourm    .   (shield currently unavailable)
rNeg     . . .     Faith    .   C - +0 robe {MR+}
rPois    .         Spirit   .   (helmet restricted)
rElec    .         Reflect  .   (no cloak)
rCorr    .         Harm     .   (gloves unavailable)
MR       +....                  (boots unavailable)
Stlth    +.........             (no amulet)
HPRegen  0.26/turn              B - +2 ring of evasion
MPRegen  0.13/turn              h - ring of protection from fire

@: mighty, brilliant, hasted, very quick
A: large, unfitting armour, tough skin 1
a: no special abilities


You were in a bailey.
You were not hungry.

You visited 2 branches of the dungeon, and saw 8 of its levels.
You also visited: Bailey.

You collected 327 gold pieces.

Inventory:

Hand Weapons
 b - a +0 club
 e - a +0 whip
 n - a +2 short sword of flaming
 w - a +0 giant spiked club (weapon)
Armour
 a - a +0 robe
 C - a +0 robe of magic resistance (worn)
Jewellery
 h - a ring of protection from fire (right hand)
 p - an uncursed ring of resist corrosion
 B - a +2 ring of evasion (left hand)
Wands
 k - a wand of enslavement (9)
 v - a wand of paralysis (13)
Scrolls
 d - a scroll of noise {unknown}
 g - 8 scrolls of identify
 j - a scroll of immolation {unknown}
 l - 2 scrolls of teleportation {unknown}
 q - 2 scrolls of amnesia {unknown}
 r - a scroll of blinking {unknown}
 t - a scroll of enchant armour {unknown}
 u - a scroll of enchant weapon {unknown}
 y - a scroll of random uselessness {unknown}
 A - a scroll of vulnerability {unknown}
Potions
 f - 2 potions of brilliance
 i - a potion of might
 s - a potion of curing
Comestibles
 c - 8 rations
 x - a chunk of flesh


   Skills:
 - Level 10.1 Fighting
 + Level 7.1 Maces & Flails
 - Level 1.7 Dodging
 - Level 1.4 Stealth
 - Level 2.4 Spellcasting
 - Level 4.1 Conjurations
 - Level 4.2 Fire Magic


You had 4 spell levels left.
You knew the following spells:

 Your Spells              Type           Power        Failure   Level  Hunger
a - Flame Tongue          Conj/Fire      #####        1%          1    None
b - Conjure Flame         Conj/Fire      #####...     1%          3    ###....
c - Sticky Flame          Conj/Fire      #####...     2%          4    ####...

Your spell library contained the following spells:

 Spells                   Type           Power        Failure   Level  Hunger
 Throw Flame              Conj/Fire      #####.       1%          2    ##.....
 Inner Flame              Hex/Fire       ####....     1%          3    ###....
 Fireball                 Conj/Fire      #####.....   7%          5    ######.


Dungeon Overview and Level Annotations

Branches:
Dungeon (7/15)             Temple (1/1) D:4

Altars:
Ashenzari
Cheibriados
Dithmenos
Elyvilon
Fedhas
Hepliaklqana
Kikubaaqudgha
Makhleb
Nemelex Xobeh
Qazlal
Ru
Sif Muna
Trog
Uskayaw
Vehumet
Wu Jian
Xom
Yredelemnul
Zin
The Shining One

Shops:
D:5 [

Annotations:
D:3 Sigmund


Innate Abilities, Weirdness & Mutations

You are too large for most types of armour.
You have tough skin. (AC +1)


Message History

Unknown command.
You closely miss the fire elemental.
The fire elemental is heavily damaged.
The fire elemental closely misses you.
Unknown command.
As you read the scroll of fear, it crumbles to dust.
You assume a fearsome visage.
The deep elf mage resists with almost no effort.
The fire elemental is unaffected. x3; The fire elemental barely misses you.
Unknown command.
You closely miss the fire elemental.
The fire elemental is heavily damaged.
The fire elemental barely misses you.
You barely miss the fire elemental.
The fire elemental is heavily damaged.
The fire elemental completely misses you.
The deep elf mage gestures at you while chanting.
The bolt of fire hits the fire elemental.
The fire elemental completely resists.
The bolt of fire hits you! You resist.
You die...

#####
##...######
#..∩..##..##
#.....#....#
##..@##....#
####E##..#
##eE.###
#.E§..#
#..∩..#
#.....#
#§...##
#e##### ..#


You could see a deep elf mage and 3 fire elementals.

Vanquished Creatures
  3 deep elf magi (Bailey)
  Grinder (D:4)
  Menkaure (D:4)
  2 ice beasts (D:7)
  2 ogres (D:5)
  2 bullfrogs (D:6)
  A crimson imp (D:5)
  4 hounds
  3 orc wizards
  A gnoll shaman (D:5)
  An iguana (D:4)
  3 worker ants
  4 gnolls
  5 adders
  2 shadow imps
  An adder zombie (D:7)
  A dart slug (D:4)
  3 leopard geckos
  11 orcs
  A ball python (D:4)
  3 bats
  3 giant cockroaches
  10 goblins
  4 hobgoblins
  2 jackals (D:5)
  4 kobolds
  4 quokkas
  7 frilled lizards
  2 rats
91 creatures vanquished.

Notes
Turn   | Place    | Note
-------+----------+-------------------------------------------
     0 | D:1      | inc the Ogre Fire Elementalist began the quest for the Orb.
     0 | D:1      | Reached XP level 1. HP: 16/16 MP: 3/3
     8 | D:1      | Reached skill level 1 in Conjurations
   162 | D:1      | Reached XP level 2. HP: 13/24 MP: 0/5
   867 | D:2      | Reached XP level 3. HP: 22/31 MP: 1/6
   985 | D:2      | Learned a level 3 spell: Conjure Flame
  1876 | D:3      | Reached XP level 4. HP: 39/39 MP: 4/7
  1883 | D:3      | Noticed Sigmund
  2054 | D:4      | Noticed Menkaure
  2065 | D:4      | Killed Menkaure
  2065 | D:4      | Reached XP level 5. HP: 13/45 MP: 1/8
  2467 | D:4      | Learned a level 4 spell: Sticky Flame
  2515 | D:3      | Reached XP level 6. HP: 51/53 MP: 4/9
  2692 | D:4      | Noticed Grinder
  2716 | D:5      | Entered Level 5 of the Dungeon
  2857 | D:5      | Found Ajulaen's Antique Armour Shoppe.
  3097 | D:5      | Reached skill level 1 in Fighting
  3116 | D:5      | Reached skill level 3 in Fighting
  3277 | D:5      | Reached skill level 4 in Fighting
  3721 | D:5      | Reached skill level 5 in Fighting
  3721 | D:5      | Reached XP level 7. HP: 55/72 MP: 6/10
  4120 | D:6      | Reached skill level 6 in Fighting
  4331 | D:6      | Reached skill level 7 in Fighting
  4625 | D:6      | Found a snail-covered altar of Cheibriados.
  4627 | D:6      | Found a sparkling altar of Nemelex Xobeh.
  4631 | D:6      | Found a radiant altar of Vehumet.
  4631 | D:6      | Found a glowing golden altar of the Shining One.
  4631 | D:6      | Found a hide-covered altar of Uskayaw.
  4631 | D:6      | Found a deep blue altar of Sif Muna.
  4633 | D:6      | Found a white marble altar of Elyvilon.
  4638 | D:6      | Found a sacrificial altar of Ru.
  4688 | D:4      | Paralysed by Grinder for 3 turns
  4690 | D:4      | Killed Grinder
  4690 | D:4      | Reached skill level 8 in Fighting
  4690 | D:4      | Reached XP level 8. HP: 73/91 MP: 5/11
  4761 | D:4      | Reached skill level 9 in Fighting
  5075 | D:4      | Found a staircase to the Ecumenical Temple.
  5084 | Temple   | Entered the Ecumenical Temple
  5683 | D:7      | Reached skill level 10 in Fighting
  6066 | D:7      | Reached skill level 1 in Maces & Flails
  6086 | D:7      | Found a sacrificial altar of Ru.
  6114 | D:7      | Found a flagged portal.
  6120 | Bailey   | Entered a bailey
  6165 | Bailey   | Noticed a deep elf mage
  6171 | Bailey   | Killed a deep elf mage
  6171 | Bailey   | Reached XP level 9. HP: 95/101 MP: 3/12
  6243 | Bailey   | Noticed a deep elf mage
  6244 | Bailey   | Noticed a deep elf mage
  6245 | Bailey   | Noticed a deep elf mage
  6251 | Bailey   | Killed a deep elf mage
  6251 | Bailey   | Killed a deep elf mage
  6265 | Bailey   | Noticed a deep elf mage
  6279 | Bailey   | Killed from afar by a deep elf mage

Skill      XL: |  1  2  3  4  5  6  7  8  9 |
---------------+----------------------------+-----
Conjurations   | 1 2 3 4 |  4.1
Fire Magic     | 3 4 |  4.2
Fighting       | 5 8 10 | 10.1
Maces & Flails | 4 7 |  7.1
Dodging        | |  1.7
Stealth        | |  1.4
Spellcasting   | |  2.4

Action                   |  1- 3 |  4- 6 |  7- 9 || total
-------------------------+-------+-------+-------++-------
Melee: Club              |    12 |       |       ||    12
       Unarmed           |     2 |       |       ||     2
       Short sword       |     4 |    31 |       ||    35
       Giant spiked club |       |    15 |    60 ||    75
 Cast: Flame Tongue      |    60 |    66 |    70 ||   196
       Sticky Flame      |       |     1 |    10 ||    11
  Use: Scroll            |     1 |     2 |     3 ||     6
       Potion            |       |       |     7 ||     7
  Eat: Chunk             |     3 |     6 |     9 ||    18
       Ration            |       |       |     1 ||     1
Armor: Robe              |    15 |    22 |    26 ||    63
Dodge: Dodged            |    25 |    44 |    88 ||   157
